[Event "Championnat du monde jeunes U12"]
[Date "2024.11.23"]
[White "Qu, Haoming"]
[Black "Xia, Jinnan"]
[WhiteElo "1969"]
[BlackElo "1850"]
[Round "8.27"]
[Result "1-0"]
[TimeControl "5400+30"]

1. e4 c5 2. c3 d5 3. exd5 Qxd5 4. d4 Nc6 5. Nf3 Nf6 6. Be3 e6 7. Na3 cxd4 8. Nb5 Qd7 9. Nbxd4 Nd5 10. Nxc6 Nxe3 11. fxe3 Qxd1+ 12. Rxd1 bxc6 13. Ne5 Bc5 14. Kf2 Bb7 15. Bc4 Be7 16. Be2 f6 17. Nc4 c5 18. Bf3 Bxf3 19. Kxf3 Kf7 20. Rd7 Rhd8 21. Rc7 Ke8 22. Rc6 Kf7 23. Ke2 Rac8 24. Ra6 Rc7 25. e4 Rb7 26. Rf1 Bf8 27. b3 Ke7 28. Na5 Rc7 29. Nc6+ Rxc6 30. Rxc6 Kf7 31. Rd1 Ra8 32. Rd7+ Kg6 33. Ra6 c4 34. Raxa7 Rb8 35. b4 Rb5 36. Ra8 Bxb4 37. cxb4 Rxb4 38. Rc8 Ra4 39. Rd2 c3 40. Rxc3 Rxe4+ 41. Kf3 Ra4 42. a3 e5 43. Rd7 h5 44. g3 h4 45. Rb7 hxg3 46. hxg3 Kh6 47. Rb4 Ra7 48. a4 f5 49. g4 g6 50. gxf5 gxf5 51. Rc5 Re7 52. Rbb5 e4+ 53. Ke3 f4+ 54. Kxf4 e3 55. Re5 Ra7 56. a5 e2 57. Rxe2 Rf7+ 58. Rf5 Rb7 59. Re6+ Kh7 60. a6 Rb4+ 61. Kg5 Kg7 62. a7 Ra4 63. Re7+ Kg8 64. Rb5 Kf8 65. Rc7 Ra5 66. Rxa5 1-0

[Variant "Standard"]
[Site "Europe Echecs"]

[Event "Championnat du monde jeunes U12"]
[Date "2024.11.23"]
[White "Berdashkevich, Makar"]
[Black "Sun, Kevin"]
[WhiteElo "1848"]
[BlackElo "1966"]
[Round "8.28"]
[Result "0-1"]
[TimeControl "5400+30"]

1. e4 c5 2. Nf3 d6 3. d4 cxd4 4. Nxd4 Nf6 5. f3 e5 6. Nb3 d5 7. Bg5 Be6 8. Bxf6 gxf6 9. exd5 Qxd5 10. Qxd5 Bxd5 11. Nc3 Be6 12. O-O-O Nc6 13. Bb5 Rc8 14. Nd5 f5 15. f4 Bh6 16. Kb1 a6 17. Bxc6+ bxc6 18. Nf6+ Ke7 19. fxe5 Bf4 20. g3 Bxe5 21. Nh5 c5 22. Rhf1 Rb8 23. Nf4 Bc4 24. Rfe1 f6 25. Kc1 Rhc8 26. Nd2 Bxa2 27. Nf3 Bf7 28. Nxe5 fxe5 29. Rxe5+ Kf6 30. Re3 Rb6 31. c3 Rcb8 32. Re2 Kg5 33. Rd7 Bc4 34. Rg7+ Kh6 35. Ree7 Bg8 36. Nd3 c4 37. Nb4 a5 38. Nc2 Rxb2 39. Rc7 Rb1+ 40. Kd2 Rh1 41. Ke3 Rxh2 42. Nd4 Re8+ 43. Rce7 Rxe7+ 44. Rxe7 Kg6 45. Ra7 Ra2 46. Nc6 Be6 47. Ra6 Kg5 48. Nb4 Ra3 49. Nc2 Rxc3+ 50. Kd2 Rd3+ 51. Ke1 Bf7 52. Rxa5 Rxg3 53. Kf2 Rc3 54. Ne3 Be6 55. Ra6 f4 56. Ra5+ Kh4 57. Ng2+ Kg4 58. Ne1 Rb3 59. Re5 Rb2+ 60. Kf1 Bf5 61. Re7 Bd3+ 62. Kg1 Re2 63. Rg7+ Bg6 64. Kf1 f3 65. Rc7 Kg3 66. Rg7 c3 67. Rg8 c2 68. Rc8 Rxe1+ 69. Kxe1 f2+ 70. Ke2 Bd3+ 71. Ke3 f1=Q 72. Rg8+ Bg6 73. Rc8 c1=Q+ 74. Rxc1 Qd1 75. Rb1 Qxb1 76. Ke2 Qc1 0-1

[Variant "Standard"]
[Site "Europe Echecs"]

[Event "Championnat du monde jeunes U12"]
[Date "2024.11.23"]
[White "Kozhedub, Ivan"]
[Black "Zhandos, Akarys"]
[WhiteElo "1826"]
[BlackElo "1932"]
[Round "8.29"]
[Result "1-0"]
[TimeControl "5400+30"]

1. e4 c5 2. Nc3 Nc6 3. g3 g6 4. Bg2 Bg7 5. d3 d6 6. Nge2 Rb8 7. Be3 Nd4 8. O-O e6 9. Rb1 b5 10. b4 a6 11. a4 Bd7 12. axb5 axb5 13. bxc5 dxc5 14. Bxd4 cxd4 15.
Na2 Ne7 16. c3 dxc3 17. Naxc3 b4 18.
Na2 Qa5 19. Qd2 Nc6 20. Rb3 O-O 21. d4 Rfd8 22. Rfb1 Bf8 23. Nac1 Qa6 24. Rf3 Na5 25. Qa2 Qb6 26. Nd3 b3 27. Qb2 Nc4 28. Qc1 Rdc8 29. Qf4 Be8 30. Bh3 Bg7 31. d5 e5 32. Qc1 Rc7 33. Qd1 Bh6 34. Nxe5 Nd2 35. Rfxb3 Nxb3 36. d6 Rc5 37. d7 Bg5 38. Rxb3 Rb5 39.
dxe8=Q+ Rxe8 40. Rxb5 Qxb5 41. Nf3 Rd8 42. Qc2 Bf6 43. Nf4 Ra8 44. Bf1 Ra1 45. Qe2 Qxe2 46. Nxe2 Ra3 47. Kg2 g5 48. h3 h5 49. e5 Bd8 50. Ned4 Bb6 51.
Ne2 Bd8 52. g4 hxg4 53. hxg4 Kg7 54.
Ng3 Ra5 55. Nf5+ Kf8 56. Be2 Ra4 57. Kg3 Ra5 58. Nd6 Bc7 59. Kg2 Ra2 60. Bd1 f6 61. Ne4 fxe5 62. Nfxg5 Ke7 63. Nf3 Ra1 64. Bb3 Ra3 65. Bg8 Ra8 66. Bh7 Rh8 67. Bf5 Rf8 68. Kg3 Ra8 69. g5 Kf7 70. g6+ Kg7 71. Nfg5 Bd8 72. Ne6+ Kg8 73. Nxd8 Rxd8 74. Kg4 Kg7 75. Kg5 Rd1 76. Ng3 Rg1 77. Be4 Rd1 78. Nf5+ Kh8 79. Kf6 Rg1 80. g7+ 1-0

[Variant "Standard"]
[Site "Europe Echecs"]

[Event "Championnat du monde jeunes U12"]
[Date "2024.11.23"]
[White "Sobirov, Afruzbek"]
[Black "Mikolavicius, Julius"]
[WhiteElo "1928"]
[BlackElo "1746"]
[Round "8.30"]
[Result "1-0"]
[TimeControl "5400+30"]

1. e4 c5 2. Nf3 d6 3. d4 cxd4 4. Nxd4 Nf6 5. Nc3 a6 6. Be3 e5 7. Nb3 Be6 8. Qd2 Be7 9. f3 O-O 10. Nd5 Bxd5 11. exd5 Nbd7 12. O-O-O Qc7 13. Kb1 Rfc8 14. c4 Rab8 15. g4 Nb6 16. Rc1 Na4 17. g5 Nd7 18. h4 Nac5 19. Nxc5 dxc5 20. h5 b5 21. g6 bxc4 22. gxf7+ Kh8 23. h6 g6 24. Bh3 Rf8 25. Be6 Nb6 26. Bg5 Qd8 27. Bxe7 Qxe7 28. Qe3 Qf6 29. Qe4 Na4 30. Rh2 Rb4 31. a3 Rb5 32. Rxc4 Nb6 33. Rcc2 Rb8 34. Rhe2 c4 35. Qxe5 Qxe5 36. Rxe5 Na4 37. Bc8 Nc3+ 38. Ka1 Rb3 39. f8=Q# 1-0

[Variant "Standard"]
[Site "Europe Echecs"]

[Event "Championnat du monde jeunes U12"]
[Date "2024.11.23"]
[White "Mai, Duc Kien"]
[Black "Matejka, Simon"]
[WhiteElo "1771"]
[BlackElo "1924"]
[Round "8.31"]
[Result "1/2-1/2"]
[TimeControl "5400+30"]

1. e4 c5 2. Nf3 e6 3. d4 cxd4 4. Nxd4 Nc6 5. Nc3 Qc7 6. Be2 a6 7. Nxc6 dxc6 8. Qd3 Nf6 9. Qg3 Qxg3 10. hxg3 Bb4 11. e5 Nd5 12. Bd2 Nxc3 13. Bxc3 Bxc3+ 14. bxc3 b5 15. Bf3 Bb7 16. O-O-O Rd8 17. Rd4 Rxd4 18. cxd4 Kd7 19. Kb2 Kc7 20. c4 h6 21. Rc1 Kb6 22. c5+ Kc7 23. Be4 h5 24. Kc3 a5 25. a3 Rd8 26. Rd1 g6 1/2-1/2

[Variant "Standard"]
[Site "Europe Echecs"]

[Event "Championnat du monde jeunes U12"]
[Date "2024.11.23"]
[White "Hallmundarson, Birkir"]
[Black "Shirinov, Yashar"]
[WhiteElo "1914"]
[BlackElo "1642"]
[Round "8.32"]
[Result "1-0"]
[TimeControl "5400+30"]

1. Nf3 Nf6 2. c4 e6 3. Nc3 d5 4. d4 Nbd7 5. Bg5 Bb4 6. e3 c6 7. Qc2 Qa5 8. Nd2 dxc4 9. Bxf6 Nxf6 10. Nxc4 Qc7 11. Bd3 Bd7 12. O-O O-O 13. Ne5 Bd6 14. f4 g6 15. Rac1 Nd5 16. Qe2 Nxc3 17. bxc3 f6 18. Nc4 Be7 19. e4 b5 20. Ne3 e5 21. f5 exd4 22. cxd4 Qb6 23. Qb2 c5 24. Nd5 Qd8 25. dxc5 Bxf5 26. Qxb5 Be6 27. Bc4 Kg7 28. Rfd1 Bxd5 29. Rxd5 Qc7 30. Qd7 Rac8 31. Ba6 Rfd8 32. Bxc8 Rxd7 33. Rxd7 Qe5 34. c6 Kh6 35. c7 Bd6 36. Rxd6 Qxd6 37. Bg4 f5 38. Bxf5 gxf5 39. c8=Q 1-0

[Variant "Standard"]
[Site "Europe Echecs"]

[Event "Championnat du monde jeunes U12"]
[Date "2024.11.23"]
[White "Miransh Vyas"]
[Black "Radnaev, Leo"]
[WhiteElo "1705"]
[BlackElo "1990"]
[Round "8.33"]
[Result "0-1"]
[TimeControl "5400+30"]

1. d4 Nf6 2. Nc3 g6 3. Bf4 d5 4. e3 Bg7 5. h4 h6 6. Nf3 c6 7. Qd2 Nbd7 8. Bd3 b5 9. Ne5 Nxe5 10. Bxe5 Kf8 11. f3 Nd7 12. Bxg7+ Kxg7 13. e4 Nb6 14. Ne2 dxe4 15. fxe4 Bg4 16. O-O-O Rc8 17. Qf4 Bxe2 18. Bxe2 Qd6 19. e5 Qd5 20. Kb1 Qxg2 21. e6 Rhf8 22. Bf3 Qf2 23. exf7 Nd5 24. Qe5+ Kh7 25. Rhf1 Qxh4 26. Bxd5 cxd5 27. Rh1 Qe4 28. Qg5 Qxc2+ 29. Ka1 Qxd1+ 30. Rxd1 hxg5 31.
Rh1+ Kg7 32. a3 Rxf7 33. Rg1 Rf5 34.
Re1 Kf6 35. Ka2 Rc4 36. Re3 Rxd4 37.
Rb3 a6 38. Re3 e5 39. Rc3 e4 40. Rc8 Ke5 41. Rg8 e3 42. Rxg6 e2 43. Rg8 Re4 44. Re8+ Kf4 45. Rxe4+ Kxe4 46. b4 e1=Q 47. Kb3 Rf3+ 48. Kc2 Qe2+ 49. Kc1 Rf1# 0-1

[Variant "Standard"]
[Site "Europe Echecs"]

[Event "Championnat du monde jeunes U12"]
[Date "2024.11.23"]
[White "Ritzerveld, Noah"]
[Black "Fadeev, Justin Michael"]
[WhiteElo "2285"]
[BlackElo "1878"]
[Round "8.34"]
[Result "1-0"]
[TimeControl "5400+30"]

1. e4 c5 2. Nf3 Nc6 3. d4 cxd4 4. Nxd4 Nf6 5. Nc3 e5 6. Ndb5 d6 7. Nd5 Nxd5 8. exd5 Nb8 9. a4 Be7 10. Be2 O-O 11. Bd2 Na6 12. c4 Bf5 13. O-O Nc5 14. f4 Nd3 15. Bxd3 Bxd3 16. Ba5 Qxa5 17. Qxd3 exf4 18. Rxf4 Qb6+ 19. Kh1 a6 20. Nd4 Qxb2 21. Rb1 Qa2 22. Nf5 Rfe8 23. Nxg7 Kxg7 24. Rxf7+ Kxf7 25. Qxh7+ Kf6 26. Rf1+ Ke5 27. Qd3 Qxg2+ 28. Kxg2 Rg8+ 29. Kh1 Rg1+ 30.
Kxg1 Rg8+ 31. Kh1 Rg1+ 32. Kxg1 b5 33.
Rf5# 1-0

[Variant "Standard"]
[Site "Europe Echecs"]

[Event "Championnat du monde jeunes U12"]
[Date "2024.11.23"]
[White "Ivancic, Ivan"]
[Black "Konstantinides, Savvas"]
[WhiteElo "2091"]
[BlackElo "1839"]
[Round "8.35"]
[Result "1/2-1/2"]
[TimeControl "5400+30"]

1. e4 c5 2. Nc3 a6 3. g3 b5 4. Bg2 Bb7 5. Nge2 e6 6. d4 cxd4 7. Nxd4 Bc5 8. O-O Ne7 9. Be3 d6 10. Qg4 O-O 11. Rad1 Nd7 12. Rfe1 e5 13. Nf5 Nxf5 14. Qxf5 Qe7 15. Bg5 f6 16. Be3 Rac8 17. Bh3 Rfd8 18. Qe6+ Kf8 19. a3 Qxe6 20. Bxe6 Ke7 21. Bd5 Bxd5 22. Nxd5+ Ke6 23. c3 Bxe3 24. Rxe3 Rc6 25. f3 Rdc8 26. Kf2 Nb6 27. Nb4 Nc4 28. Re2 Rb6 29. Ra1 a5 30. Nd5 Rb7 31. Ke1 Nb6 32. Rd2 Nxd5 33. Rxd5 a4 34. Rad1 Rb6 35. Ke2 h5 36. h3 Rh8 37. Kf2 g6 38. Kg2 f5 39. R1d2 Rf8 40. Rd1 Rf6 41. R1d2 Ke7 42. Rd1 Ke6 43. R1d2 g5 44. Rd1 fxe4 45. fxe4 h4 46. Rf1 Rxf1 47. Kxf1 Rb8 48. Kg2 Kd7 49. Kf3 Kc6 50. gxh4 gxh4 51. Kg4 Rf8 52. Kxh4 Rf4+ 53. Kg5 Rxe4 54. Rd2 Re1 55. h4 Rg1+ 56. Kf5 Rh1 57. Ke6 Rxh4 58. Rxd6+ Kc5 59. Rd5+ Kc4 60.
Rxe5 Rh2 61. Re4+ Kb3 62. Rb4+ Ka2 63.
Rxb5 Rxb2 64. Rxb2+ Kxb2 65. c4 Kxa3 66. c5 Kb2 67. c6 a3 68. c7 a2 69. c8=Q a1=Q 1/2-1/2

[Variant "Standard"]
[Site "Europe Echecs"]

[Event "Championnat du monde jeunes U12"]
[Date "2024.11.23"]
[White "Aadik Theophane Lenin"]
[Black "Nicot, Valentin"]
[WhiteElo "1857"]
[BlackElo "2078"]
[Round "8.36"]
[Result "1/2-1/2"]
[TimeControl "5400+30"]

1. d4 d5 2. c4 e6 3. Nf3 Nf6 4. Nc3 Be7 5. Bf4 O-O 6. e3 c5 7. dxc5 Bxc5 8. Qc2 Qa5 9. Rd1 Nc6 10. a3 Be7 11. Be2 dxc4 12. Bxc4 e5 13. Bg3 Bg4 14. O-O Rac8 15. Nd5 Nxd5 16. Rxd5 Qc7 17. Qe4 Be6 18. Rd2 Bxc4 19. Qxc4 Bf6 20. Qg4 Rcd8 21. Rfd1 Rxd2 22. Rxd2 Rd8 23. h4 h6 24. Rc2 Qd7 25. Qxd7 Rxd7 26. Kf1 Kf8 27. Ke2 Ke7 28. h5 Ke6 29. Rc4 Rd5 30. Ne1 Be7 1/2-1/2

[Variant "Standard"]
[Site "Europe Echecs"]

[Event "Championnat du monde jeunes U12"]
[Date "2024.11.23"]
[White "Gao, Arthur"]
[Black "Isakov, Amin"]
[WhiteElo "1979"]
[BlackElo "1698"]
[Round "8.37"]
[Result "1-0"]
[TimeControl "5400+30"]

1. e4 c5 2. Nf3 e6 3. d4 cxd4 4. Nxd4 Nf6 5. Nc3 Nc6 6. Nxc6 bxc6 7. e5 Nd5 8. Ne4 Qc7 9. f4 Qb6 10. c4 Bb4+ 11. Ke2 f5 12. exf6 Nxf6 13. Be3 Qd8 14. Nd6+ Bxd6 15. Qxd6 Bb7 16. Rd1 c5 17. Qxc5 Rc8 18. Qxa7 Qc7 19. b3 Ra8 20. Qb6 Rxa2+ 21. Rd2 Qxb6 22. Bxb6 Ra3 23. Rb2 Nh5 24. Bc7 Ke7 25. c5 Rha8 26. Bd6+ Kd8 27. Rg1 Ra2 28. Rxa2 Rxa2+ 29. Ke3 Ra1 30. Kf2 Nf6 31. g4 Ne4+ 32. Ke3 Re1+ 33. Kd4 Nxd6 34. cxd6 Ba6 35. Bxa6 Rxg1 36. Bb7 Rxg4 37. b4 Rxf4+ 38. Kc5 e5 39. b5 e4 40. b6 e3 41. Ba6 Rf2 42. b7 Rb2 43. Bb5 Ke8
1-0

[Variant "Standard"]
[Site "Europe Echecs"]

[Event "Championnat du monde jeunes U12"]
[Date "2024.11.23"]
[White "El Zein, Bassam"]
[Black "Padure, Dragos-Alexandru"]
[WhiteElo "1947"]
[BlackElo "1822"]
[Round "8.38"]
[Result "1-0"]
[TimeControl "5400+30"]

1. Nf3 c5 2. g3 Nc6 3. Bg2 Nf6 4. c4 d5 5. cxd5 Nxd5 6. d4 e6 7. O-O Be7 8. dxc5 O-O 9. a3 Bxc5 10. Qc2 Qe7 11. Rd1 Bb6 12. b4 h6 13. Bb2 Rd8 14. Nc3 Nf6 15. Rxd8+ Qxd8 16. Rd1 Qe7 17. Nb5 Ng4 18. e3 e5 19. Nd6 Bxe3 20. fxe3 Nxe3 21. Nxc8 Rxc8 22. Qe2 Nxd1 23. Qxd1 Rd8 24. Qe2 f6 25. h3 Qd6 26. Qc4+ Qd5 27. Nxe5 Qxc4 28. Nxc4 a6 29. Kf1 Kf7 30. Ke2 Ke6 31. Bc3 Rd7 32. Nb6 Rc7 33. Nd5 Rd7 34. Nb6 Rc7 35. Na4 Kd6 36. Nc5 Nd8 37. Bd2 Re7+ 38. Kd3 Kc7 39. Bf4+ Kb6 40. Bb8 Nc6 41. Na4+ Kb5 42. Nc3+ Kb6 43. Nd5+ Kb5 44. Nxe7 Nxe7 45. Bxb7 a5 46. bxa5 Kxa5 47. Bf3 Ka4 48. Bd1+ Ka5 49. Bc7+ Kb5 50. a4+ Kc6 51. Bf4 g5 52. Be3 f5 53. Bf3+ Kc7 54. a5 g4 55. hxg4 fxg4 56. Bxg4 Kb7 57. Bxh6 Ka6 58. Bd2 Nc6 59. Bc8+ 1-0

[Variant "Standard"]
[Site "Europe Echecs"]

[Event "Championnat du monde jeunes U12"]
[Date "2024.11.23"]
[White "Petrovski, Nikola"]
[Black "Rueda Ahumada, Gabriel Omar"]
[WhiteElo "1829"]
[BlackElo "1928"]
[Round "8.39"]
[Result "0-1"]
[TimeControl "5400+30"]

1. e4 e5 2. Nf3 Nc6 3. Bc4 Nf6 4. d3 Be7 5. O-O O-O 6. c3 d6 7. Re1 Na5 8. Bb5 a6 9. Ba4 b5 10. Bc2 c5 11. Nbd2 Re8 12. Nf1 Nc6 13. Ng3 h6 14. h3 Nh7 15. d4 cxd4 16. cxd4 Ng5 17. Bxg5 Bxg5 18. Bb3 Nxd4 19. Nxd4 exd4 20. e5 Be6 21. Qxd4 dxe5 22. Qxe5 Bxb3 23. Qxe8+ Qxe8 24.
Rxe8+ Rxe8 25. axb3 Re6 26. Kf1 Bf6 27. Ra2 g6 28. Ne2 Kf8 29. Nf4 Rc6 30. Nd3 Be7 31. g3 Ke8 32. Ke2 Kd8 33. Ra1 Kc8 34. Rc1 Rxc1 35. Nxc1 Kd7 36. Nd3 Ke6 37. Ke3 Kd5 38. f4 Bc5+ 39. Kf3 f6 40. g4 a5 41. h4 Bd4 42. f5 g5 43. hxg5 hxg5 44. Ke2 Ke4 45. b4 axb4 46. Nxb4 Bxb2 47. Nd3 Bc3 0-1

[Variant "Standard"]
[Site "Europe Echecs"]

[Event "Championnat du monde jeunes U12"]
[Date "2024.11.23"]
[White "Dauren, Darmen"]
[Black "Skytte, Robert"]
[WhiteElo "1820"]
[BlackElo "1925"]
[Round "8.40"]
[Result "1/2-1/2"]
[TimeControl "5400+30"]

1. d4 d5 2. Bg5 c5 3. dxc5 h6 4. Bh4 g5 5. Bg3 Bg7 6. c3 Nf6 7. Nf3 Nbd7 8. e3 Nxc5 9. Nbd2 Bf5 10. Bb5+ Bd7 11. Be2 O-O 12. Be5 Bf5 13. Nb3 Nxb3 14. Qxb3 Qb6 15. Qxb6 axb6 16. a3 Nd7 17. Bxg7 Kxg7 18. Rd1 e6 19. h4 gxh4 20. Rxh4 Nc5 21. Rb4 Nd7 22. Bd3 Bxd3 23. Rxd3 Ra6 24. Rdd4 Nb8 25. Rh4 Rh8 26. Rh5 Nc6 27. Rg4+ Kf6 28. Rgh4 Kg6 29. Ne5+ Nxe5 30. Rxe5 Kf6 31. Reh5 Kg6 32. Rh3 Ra4 33. R5h4 Rxh4 34. Rxh4 Rc8 35. Rb4 Rc6 36. Kd2 e5 37. Kd3 f5 38. Rb5 Rd6 39. Rb4 Kg5 40. Ra4 Rd8 41. Ke2 e4 42. Rd4 Kf6 43. c4 Ke5 44. Kd2 h5 45. Ke2 Rd6 46. f4+ Ke6 47. Rxd5 Rxd5 48. cxd5+ Kxd5 49. b3 b5 50. Kf2 Ke6 51. Kg3 Kf6 52. Kh4 Kg6 53. g3 Kh6 54. Kh3 Kg6 55. Kg2 Kf6 56. Kf2 Ke6 57. Ke2 Kd5 58. Kf1 Ke6 59. Ke1 Kd5 60. Kd2 Kc5 61. Kc2 Kd5 62. Kc3 Kc5 63. a4 b4+ 64. Kd2 Kd5 65. a5 Ke6 66. Ke2 Kf6 67. Kf2 Kg6 68. Kg2 Kh6 69. Kh2 Kg6 70. Kh3 Kh6 71. Kh4 Kg6 1/2-1/2

[Variant "Standard"]
[Site "Europe Echecs"]

[Event "Championnat du monde jeunes U12"]
[Date "2024.11.23"]
[White "Tona, Leonardo"]
[Black "Farzaleev, Daniyar"]
[WhiteElo "1906"]
[BlackElo "1622"]
[Round "8.41"]
[Result "1/2-1/2"]
[TimeControl "5400+30"]

1. d4 Nf6 2. c4 c5 3. d5 b5 4. cxb5 a6 5. bxa6 g6 6. Nc3 Bg7 7. e4 O-O 8. Be3 d6 9. Bb5 Bxa6 10. Bxa6 Nxa6 11. Nge2 Qb6 12. Qd2 Rfb8 13. Rb1 Qb4 14. a3 Qa5 15. O-O Nc7 16. a4 Rb4 17. Qc2 Qb6 18. Nc1 Qb8 19. Nd3 Rb7 20. f3 Nd7 21. b3 Ne5 22. Nxe5 Bxe5 23. Bd2 Ra6 24. Ne2 Bg7 25. Kh1 Rab6 26. Ba5 Ra6 27. Bd2 Rab6 28. Nc1 Ra7 29. b4 Na6 30. b5 Nc7 31. Qc4 Qa8 32. a5 Rxa5 33. Bxa5 Qxa5 34. Nb3 Qa2 35.
Qd3 Rxb5 36. Nd2 Rxb1 37. Qxb1 Qxd2 38.
Qb8+ Bf8 39. Qxc7 h6 40. Qb8 Qe2 41. Qb1 Bg7 42. Re1 Qc4 43. Qc1 Qb4 44. Qb1 Qc4 45. Rc1 Qd4 46. Qb3 Kh7 47. Qc4 Qb2 48. f4 Qd2 49. Rf1 Bd4 50. e5 Kg7 51. exd6 exd6 52. Qa6 Qe3 53. Qxd6 Qd3 54. Rc1 Bb2 55. Re1 Bc3 56. Rg1 Bd4 57. Qe7 Bxg1 58. Qe5+ Kh7 59. Kxg1 c4 1/2-1/2

[Variant "Standard"]
[Site "Europe Echecs"]

[Event "Championnat du monde jeunes U12"]
[Date "2024.11.23"]
[White "Liu, Richard Jingjie"]
[Black "Vinales Gonzalez, Enzo Mathias"]
[WhiteElo "1795"]
[BlackElo "1903"]
[Round "8.42"]
[Result "0-1"]
[TimeControl "5400+30"]

1. e4 c5 2. Nf3 d6 3. Bb5+ Bd7 4. Bxd7+ Qxd7 5. c4 e5 6. Nc3 Ne7 7. d3 Nbc6 8. Be3 g6 9. Nd2 Bg7 10. f3 h6 11. Rc1 f5 12. a3 O-O 13. O-O f4 14. Bf2 g5 15. g4 fxg3 16. Bxg3 Rf7 17. Nd5 Raf8 18. Qe2 Nd4 19. Qg2 Nxd5 20. cxd5 h5 21. h3 g4 22. fxg4 hxg4 23. Rxf7 Rxf7 24. hxg4 Qxg4 25. Re1 Bh6 26. Nc4 Nf3+ 27. Kh1 Qh5+ 28. Bh2+ Rg7 29. Qf2 Bf4 30. Rg1 Rxg1+ 31. Qxg1+ Nxg1 32. Kg2 Qxh2+ 33.
Kf1 Bg3 34. b3 Qf2# 0-1

[Variant "Standard"]
[Site "Europe Echecs"]

[Event "Championnat du monde jeunes U12"]
[Date "2024.11.23"]
[White "Nguyen Le Nguyen"]
[Black "Obidov, Biloliddin"]
[WhiteElo "1782"]
[BlackElo "2088"]
[Round "8.43"]
[Result "0-1"]
[TimeControl "5400+30"]

1. e4 c6 2. d4 d5 3. f3 dxe4 4. fxe4 e5 5. Nf3 exd4 6. Bc4 Be7 7. O-O Nf6 8. Ng5 O-O 9. Nxf7 Rxf7 10. Bxf7+ Kxf7 11. e5 Kg8 12. exf6 Bxf6 13. Qe2 Nd7 14. Nd2 Ne5 15. Ne4 Be7 16. Qh5 Ng6 17. b3 Be6 18. Bb2 d3 19. Qf3 Qb6+ 20. Kh1 Rd8 21. cxd3 Qa6 22. Qf2 b6 23. d4 Nh4 24. d5 Rxd5 25. Qg3 Ng6 26. Qc3 Ne5 27. Rfd1 Qa5 28. Qg3 Ng6 29. Qb8+ Bf8 30. Rf1 Qb4 31. Rae1 Rf5 32. Nc3 Qh4 33. Rg1 Bf7 34. Re4 Qf2 35. Re2 Qh4 36. Re4 Qf2 37. Re2 Qh4 38. Re4 Nf4 39. g3 Qxh2+ 40. Kxh2 Rh5# 0-1

[Variant "Standard"]
[Site "Europe Echecs"]

[Event "Championnat du monde jeunes U12"]
[Date "2024.11.23"]
[White "Vaidyanathan, Adithya"]
[Black "Wang, William Kaiyuan"]
[WhiteElo "2018"]
[BlackElo "1715"]
[Round "8.44"]
[Result "1-0"]
[TimeControl "5400+30"]

1. d4 Nf6 2. Nf3 e6 3. c4 b6 4. Nc3 Bb4 5. Qb3 c5 6. a3 Bxc3+ 7. Qxc3 d6 8. g3 Bb7 9. Bg2 Nbd7 10. O-O O-O 11. Rd1 d5 12. Ne5 Rc8 13. Nxd7 Qxd7 14. Bg5 Ne8 15. cxd5 Bxd5 16. e4 Ba8 17. dxc5 Qb5 18. Be7 Nf6 19. Bxf8 Kxf8 20. Qb4 Qxb4 21. axb4 bxc5 22. bxc5 Bxe4 23.
Rxa7 Bxg2 24. Kxg2 Nd5 25. b4 Ke8 26. Rb1 Nc3 27. Rb3 Nb5 28. Rb7 Nd4 29. Rd3 Nc6 30. Rdd7 Nd8 31. Re7+ Kf8 32. Rec7 Ra8 33. Ra7 Rb8 34. b5 Ke8 35. b6 g6 36. b7 h5 37. Ra8 1-0

[Variant "Standard"]
[Site "Europe Echecs"]

[Event "Championnat du monde jeunes U12"]
[Date "2024.11.23"]
[White "Sason, Noam"]
[Black "Park, Onyoo"]
[WhiteElo "2017"]
[BlackElo "1710"]
[Round "8.45"]
[Result "1-0"]
[TimeControl "5400+30"]

1. e4 e6 2. d3 d5 3. Nd2 c5 4. g3 g6 5. Bg2 Bg7 6. Ngf3 Ne7 7. O-O Nbc6 8. c3 b6 9. Re1 a5 10. a4 Ba6 11. Nf1 dxe4 12. dxe4 Qxd1 13. Rxd1 Rd8 14. Bf4 e5 15. Rxd8+ Kxd8 16. Rd1+ Kc8 17. Bc1 Rd8 18. Rxd8+ Nxd8 19. Ne3 Kd7 20. Nd2 Kc6 21. Ndc4 Nb7 22. f4 f6 23. Bf1 Bxc4 24. Nxc4 Nd6 25. Nxd6 Kxd6 26. Kf2 Nc6 27. Bc4 Ne7 28. Kf3 Kd7 29. Be3 Bh6 1-0

[Variant "Standard"]
[Site "Europe Echecs"]

[Event "Championnat du monde jeunes U12"]
[Date "2024.11.23"]
[White "Wang, Luis"]
[Black "Vorobyov, Radmir"]
[WhiteElo "1751"]
[BlackElo "2017"]
[Round "8.46"]
[Result "0-1"]
[TimeControl "5400+30"]

1. e4 c6 2. d4 d5 3. Nc3 dxe4 4. Nxe4 Nf6 5. Ng3 e6 6. Nf3 Bd6 7. Bd3 h6 8. c3 O-O 9. O-O Nbd7 10. Qc2 Qc7 11. Re1 b6 12. Ne4 Bf4 13. Nxf6+ Nxf6 14. Ne5 Bxc1 15. Raxc1 Bb7 16. Re3 c5 17. Qd2 Rfd8 18. Rg3 Kf8 19. Qf4 Rac8 20. Rh3 cxd4 21. Rxh6 Rd5 22. Re1 dxc3 23. Rxf6 gxf6 24. Qxf6 Rxe5 25. Rxe5 c2 26. Qh6+ Ke7 27. Qh4+ f6 28. Qb4+ Qd6 29. Rxe6+ Kxe6 30. Qg4+ Ke7 31.
Qg7+ Kd8 32. Qg8+ Kc7 33. Bxc2 Rxg8 0-1

[Variant "Standard"]
[Site "Europe Echecs"]

[Event "Championnat du monde jeunes U12"]
[Date "2024.11.23"]
[White "Gazzato, Nicolo`"]
[Black "Andreiev, Andrii"]
[WhiteElo "1868"]
[BlackElo "1704"]
[Round "8.47"]
[Result "1-0"]
[TimeControl "5400+30"]

1. e4 e5 2. Nf3 Nc6 3. Bc4 Bc5 4. c3 Nf6 5. d4 exd4 6. e5 Ne4 7. Bd5 Nxf2 8. Kxf2 dxc3+ 9. Ke2 cxb2 10. Bxb2 O-O 11. Re1 b6 12. Bc4 d6 13. Kf1 Bg4 14. Bd5 Bxf3 15. Bxf3 Qh4 16. Qd2 Qxh2 17. Bxc6 Rad8 18. e6 fxe6+ 19. Bf3 Rxf3+ 20. gxf3 Qxd2 21.
Nxd2 e5 22. Ne4 Bb4 23. Bc3 Bc5 24.
Nxc5 bxc5 25. Ba5 Rd7 26. Rab1 c6 27.
Rb8+ Kf7 28. Reb1 d5 29. R1b7 Rxb7 30. Rxb7+ Ke6 31. Rxg7 d4 32. Rxa7 c4 33. Ke2 Kd5 34. Rxh7 c5 35. Rh1 c3 36. Bxc3 1-0

[Variant "Standard"]
[Site "Europe Echecs"]

[Event "Championnat du monde jeunes U12"]
[Date "2024.11.23"]
[White "Teo, Hong Kai Javier"]
[Black "Anagnostopoulos, Panagiotis"]
[WhiteElo "1675"]
[BlackElo "1848"]
[Round "8.48"]
[Result "1/2-1/2"]
[TimeControl "5400+30"]

1. e4 e6 2. d4 d5 3. Nd2 c5 4. exd5 Qxd5 5. dxc5 Nf6 6. Ngf3 Bxc5 7. Bc4 Qd7 8. O-O O-O 9. Qe2 Qc7 10. Ne4 Be7 11. Bg5 Nxe4 12. Qxe4 Bxg5 13. Nxg5 g6 14. Qh4 h5 15. Ne4 Qd8 16. Qf4 Kg7 17. Rfe1 Nc6 18. Rad1 Qe7 19. Qd6 Qxd6 20. Nxd6 Kf6 21. f4 Rd8 22. Kf2 Ke7 23. Ne4 a6 24. a4 b6 25. Rxd8 Nxd8 26. Nc3 Bb7 27. Nd5+ Bxd5 28. Bxd5 Rc8 29. Re2 Rc5 30. Ba2 Nc6 31. c3 a5 32. Bb1 Nb8 33. Bd3 Nd7 34. Re4 Nf6 35. Rd4 Ng4+ 36. Kg1 Ne3 37. Bb5 Rc7 38. g3 Nf5 39. Rc4 Rxc4 40. Bxc4 h4 41. Kf2 hxg3+ 42. hxg3 Nd6 43. Bd3 Kd7 44. Ke3 Kc6 45. Kd4 Kd7 46. b4 axb4 47. cxb4 Nc8 48. Bb5+ Kd6 49. Bd3 Ne7 50. Be4 Nc8 51. Kc4 e5 52. Bb7 Na7 53. Bd5 f6 54. Bf7 exf4 55. gxf4 g5 56. fxg5 fxg5 57. Bh5 b5+ 58. axb5 Nc8 59. b6 Nxb6+ 60. Kb5 Nd5 61. Kc4 Nf6 62. Bf3 Nd7 63. Kd4 Ne5 64. Ke4 Ke6 65. b5 Nc4 66. Kd4 Ne5 67. Bd5+ Kd6 68. b6 g4 69. b7 Nd7 70. Bg2 1/2-1/2

[Variant "Standard"]
[Site "Europe Echecs"]

[Event "Championnat du monde jeunes U12"]
[Date "2024.11.23"]
[White "Kraucenka, Justas"]
[Black "Lee, Tsuen Jin Aiesec"]
[WhiteElo "1650"]
[BlackElo "1806"]
[Round "8.49"]
[Result "0-1"]
[TimeControl "5400+30"]

1. d4 e6 2. Nf3 d5 3. Bf4 c5 4. e3 Nf6 5. Nbd2 Qb6 6. Rb1 cxd4 7. exd4 Bd7 8. c3 Bb5 9. Be2 Nbd7 10. O-O Nh5 11. Bxb5 Qxb5 12. Bg5 h6 13. Bh4 Nf4 14. a4 Qa6 15. Re1 Bd6 16. Bg3 Rc8 17. Ne5 Bxe5 18. dxe5 Nd3 19. Re3 N3c5 20. b3 O-O 21. Bf4 Nd3 22. Qg4 f5 23. Qg3 Rxc3 24. Bxh6 Rf7 25. Bf4 d4 26. Rf3 N7c5 27. Qh4 Nc1 28. Rxc3 Ne2+ 29. Kh1 dxc3 30. Nc4 Nxb3 31. Nd6 c2 32. Re1 Rf8 33. Bg5 Qd3 34. f3 Qd1 35. Qf2 f4 36. Qxe2 Qxe2 37. Rg1 Nd4 38. h4 Qd1 39. Bxf4 Rxf4 40. Rxd1 Ne2 41. g3 cxd1=Q+ 42. Kh2 Qg1+ 43. Kh3 Qh1# 0-1

[Variant "Standard"]
[Site "Europe Echecs"]